 Dungeon Crawl Stone Soup version 0.20-a0-1006-ge6c5631 (webtiles) character file.

296714 Fuzzwah the Executioner (level 20, -25/189 HPs)
             Began as a Minotaur Berserker on Apr 1, 2017.
             Was the Champion of Trog.
             Killed from afar by a balrug (41 damage)
             ... with a fireball
             ... summoned by a deep elf demonologist
             ... on level 3 of the Elven Halls on Apr 13, 2017.
             The game lasted 03:35:50 (41965 turns).

Fuzzwah the Executioner (Minotaur Berserker)       Turns: 41965, Time: 03:35:50

Health: -25/189    AC: 34    Str: 26    XL:     20   Next: 8%
Magic:  28/28      EV: 28    Int:  4    God:    Trog [******]
Gold:   760        SH:  5    Dex: 28    Spells: 19/19 levels left

rFire    . . .     SeeInvis .   o - +5 executioner's axe (chop)
rCold    . . .     Gourm    .   (shield currently unavailable)
rNeg     + . .     Faith    .   M - +3 plate armour
rPois    +         Spirit   .   Y - +0 hat
rElec    .         Reflect  +   O - +2 cloak {rPois}
rCorr    .         Harm     .   n - +2 pair of gloves
MR       +....                  V - +2 pair of boots of Aqaac {rN+ Str+4 Dex+4}
Stlth    ..........             m - +5 amulet of reflection
Regen    0.5/turn               w - ring "Qotrinor" {+Blink Slay+2 Stlth+}
MPRegen  0.3/turn               u - +3 ring of slaying

@: agile, exhausted, very slightly contaminated, slowed, drained, very slow
A: retaliatory headbutt, horns 2
}: 2/15 runes: decaying, serpentine
a: Berserk, Trog's Hand, Brothers in Arms, Burn Spellbooks, Renounce Religion,
Evoke Blink


You were on level 3 of the Elven Halls.
You worshipped Trog.
Trog was exalted by your worship.
You were full.

You visited 8 branches of the dungeon, and saw 35 of its levels.
You also visited: Bailey.

You collected 3273 gold pieces.
You spent 2513 gold pieces at shops.

Inventory:

Hand Weapons
 o - a +5 executioner's axe of chopping (weapon)
   (Trog gifted it to you on level 2 of the Lair of Beasts)
 I - a +1 triple crossbow of flaming
   (Trog gifted it to you on level 3 of the Elven Halls)
Missiles
 x - 4 throwing nets {=f, !d}
 H - 7 curare-tipped needles
Armour
 n - a +2 pair of gloves (worn)
   (You bought it in a shop on level 2 of the Orcish Mines)
 M - a +3 plate armour (worn)
   (You found it on level 10 of the Dungeon)
 O - a +2 cloak of poison resistance (worn)
   (You took it off Nikola on level 2 of the Swamp)
 V - the +2 pair of boots of Aqaac (worn) {rN+ Str+4 Dex+4}
   (You found it on level 3 of the Snake Pit)

   It affects your strength (+4).
   It affects your dexterity (+4).
   It protects you from negative energy.
 Y - a +0 hat (worn)
   (You acquired it on level 1 of the Elven Halls)
Jewellery
 b - a +4 ring of intelligence
   (You found it on level 2 of the Elven Halls)
 j - a +3 ring of dexterity
   (You found it on level 1 of the Snake Pit)
 m - a +5 amulet of reflection (around neck)
   (You found it on level 2 of the Dungeon)
 r - an uncursed amulet of the gourmand {Gourm, !d}
   (You found it on level 9 of the Dungeon)
 s - an uncursed ring of resist corrosion
   (You found it on level 13 of the Dungeon)
 u - a +3 ring of slaying (right hand)
   (You bought it in a shop on level 2 of the Snake Pit)
 w - the ring "Qotrinor" (left hand) {+Blink Slay+2 Stlth+}
   (You bought it in a shop on level 2 of the Orcish Mines)

   [ring of stealth]

   It affects your accuracy and damage with ranged weapons and melee attacks
   (+2).
   It lets you blink.
   It makes you more stealthy.
 G - an uncursed amulet of harm
   (You found it on level 4 of the Lair of Beasts)
 P - a +3 amulet of reflection
   (You found it on level 2 of the Elven Halls)
 T - an uncursed ring of wizardry {Wiz+, !d}
   (You found it on level 1 of the Elven Halls)
 X - a +2 ring of protection
   (You took it off a spriggan berserker on level 4 of the Swamp)
Wands
 e - a wand of iceblast (7/15)
   (You took it off a naga on level 3 of the Snake Pit)
 p - a wand of paralysis (10/24)
   (You found it on level 2 of the Snake Pit)
 C - a wand of disintegration (13/24)
   (You found it on level 12 of the Dungeon)
 F - a wand of lightning (12/15)
   (You found it on level 3 of the Elven Halls)
 K - a wand of polymorph (11/24)
   (You found it on level 1 of the Swamp)
 R - a wand of confusion (28/48)
   (You found it on level 1 of the Elven Halls)
 W - a wand of acid (15/15)
   (You found it on level 11 of the Dungeon)
Scrolls
 a - 5 scrolls of fog
 f - 6 scrolls of magic mapping {!r}
 g - 15 scrolls of remove curse
 h - 7 scrolls of teleportation
 k - 2 scrolls of enchant weapon
 t - 6 scrolls of identify {@r1}
 y - 4 scrolls of fear
 Q - 3 scrolls of summoning
 S - a scroll of recharging
 U - 3 scrolls of silence
Potions
 d - 2 potions of flight
 l - 7 potions of agility
 q - 9 potions of lignification {!q}
 v - a potion of might
 A - 2 potions of cancellation
 B - a potion of invisibility
 D - 4 potions of haste
 E - 4 potions of resistance
 J - 2 potions of mutation {!q}
 N - 4 potions of heal wounds
 Z - 13 potions of curing
Miscellaneous
 i - a sack of spiders
 L - a phial of floods
   (You found it on level 3 of the Snake Pit)
Comestibles
 c - 9 bread rations {@e1}


   Skills:
 + Level 18.4(18.2) Fighting
 + Level 21.0(20.8) Axes
 + Level 20.7(20.6) Armour
 + Level 17.1(17.0) Dodging
 + Level 12.4(12.3) Evocations


You had 19 spell levels left.
You didn't know any spells.

Dungeon Overview and Level Annotations

Branches:
Dungeon (15/15)            Temple (0/1) D:4            Lair (5/6) D:11
  Swamp (4/4) Lair:4        Snake (4/4) Lair:4        Slime (1/5) Lair:5
    Orc (2/2) D:12            Elf (3/3) Orc:2        Vaults (0/5) D:14
 Depths (1/5) D:15

Altars:
Dithmenos
Fedhas
Gozag
Makhleb
Nemelex Xobeh
Okawaru
Qazlal
Ru
Sif Muna
Trog
Uskayaw
Yredelemnul
Zin
Beogh

Shops:
D:5 =   D:15 [[%   Orc:2 !*[=(   Elf:1 !   Snake:2 (=(}==(!


Innate Abilities, Weirdness & Mutations

You reflexively headbutt those who attack you in melee.
You have a pair of horns on your head.


Message History

The deep elf elementalist is empowered by the deep elf high priest's aura!
The deep elf demonologist casts a spell.
The deep elf master archer shoots an arrow.
The arrow hits you but does no damage.
The deep elf blademaster closely misses you.
You furiously retaliate!
You headbutt the deep elf blademaster.
The deep elf blademaster hits you with a rapier.
The Hell Sentinel hits you but does no damage. x2
You regained 13 hp, and now have 81/189 hp.
You completely miss the deep elf blademaster.
You hit the deep elf elementalist. You slice the deep elf master archer!!
You hit the Hell Sentinel.
You block the deep elf blademaster's attack.
The deep elf blademaster misses you.
The deep elf high priest calls down the wrath of its god upon you.
Something smites you!
The deep elf master archer shoots an arrow.
The arrow hits you.
The deep elf elementalist casts a spell.
The deep elf elementalist seems to speed up.
The Hell Sentinel closely misses you.
The Hell Sentinel completely misses you.
The deep elf master archer shoots an arrow.
The arrow misses you.
The deep elf blademaster hits you but does no damage.
The deep elf blademaster closely misses you.
The deep elf demonologist is empowered by the deep elf high priest's aura!
You take 17 damage, and have 64/189 hp.
You feel much better.
The deep elf elementalist seems less brilliant.
The deep elf demonologist seems less brilliant.
The deep elf elementalist barely misses you.
You furiously retaliate!
You headbutt the deep elf elementalist!
The deep elf blademaster hits you but does no damage. x2
The deep elf demonologist casts a spell.
The deep elf master archer shoots an arrow.
The arrow misses you. The Hell Sentinel misses you.
The Hell Sentinel hits you but does no damage.
The deep elf elementalist misses you.
The deep elf master archer shoots an arrow.
The arrow closely misses you.
The deep elf elementalist is empowered by the deep elf high priest's aura!
The deep elf demonologist is empowered by the deep elf high priest's aura!
The deep elf blademaster hits you with a rapier!
The deep elf blademaster completely misses you.
The deep elf master archer shoots an arrow.
The arrow hits you but does no damage.
The Hell Sentinel hits you but does no damage.
You block the Hell Sentinel's attack.
You regained 22 hp, and now have 86/189 hp.
You feel agile all of a sudden. The deep elf elementalist misses you.
You furiously retaliate!
You headbutt the deep elf elementalist!
The deep elf blademaster completely misses you.
The deep elf blademaster hits you but does no damage.
The deep elf high priest barely misses you.
You furiously retaliate!
You headbutt the deep elf high priest.
The deep elf demonologist mumbles some strange words.
The deep elf master archer shoots an arrow.
The arrow completely misses you.
The deep elf elementalist hits you but does no damage.
The Tzitzimitl calls on the powers of darkness!
The deep elf demonologist convulses!
The deep elf master archer convulses!
The deep elf elementalist convulses!
Your body is wracked with pain!
* * * LOW HITPOINT WARNING * * *
The deep elf blademaster convulses!
The deep elf high priest convulses!
The Hell Sentinel completely misses you.
The Hell Sentinel hits you.
* * * LOW HITPOINT WARNING * * *
The deep elf blademaster closely misses you.
The deep elf blademaster hits you with a rapier.
* * * LOW HITPOINT WARNING * * *
The deep elf high priest hits you but does no damage.
You partially resist.
You feel drained.
The deep elf master archer shoots an arrow.
The arrow hits you!!
* * * LOW HITPOINT WARNING * * *
You take 72 damage, and have 14/189 hp.
MASSIVE DAMAGE!!
Really read
z - a scroll of blinking {!r}?
Blink to where?
You are very lightly contaminated with residual magic.
As you read the scroll of blinking {!r}, it crumbles to dust.
The deep elf elementalist seems less brilliant.
The deep elf demonologist seems less brilliant.
The deep elf elementalist points at you and mumbles some strange words.
Some walls begin to move on their own!
The deep elf elementalist is empowered by the deep elf high priest's aura!
The deep elf demonologist is empowered by the deep elf high priest's aura!
The deep elf high priest intones a terrible prayer.
The deep elf high priest utters an invocation to its god.
Some corpses begin to drag themselves along the ground!
Some corpses meld into agglomerations of writhing flesh!
You hear a shout! x3
A large abomination and 3 crawling corpses come into view.
The balrug gestures at you.
The fireball explodes!
The fireball engulfs you!
You die...

..<............
...............
...............
.################'#######
.........................
.........................
.........................
######.#################
###...)@..#### #
#.........(2..#### #
.....#.....eX.ee4### #
............e(exx).# #
.####...E.####(1x.## #
####### ###)1# #
..e.e.)))# # .e.E.E..##
...E....#


You could see a Hell Sentinel, a deep elf blademaster, a balrug, a deep elf
master archer, a deep elf elementalist, a deep elf demonologist, a deep elf high
priest, a large abomination, an earth elemental and a crawling corpse.

Vanquished Creatures
  Nikola (Swamp:2)
  3 deep elf master archers (Elf:3)
  A deep elf blademaster (Elf:3)
  A thorn hunter (Swamp:4)
  Kirke (D:14)
  14 nagarajas
  A frost giant (D:15)
  3 deep elf sorcerers (Elf:3)
  An orc warlord (Orc:2)
  A very ugly thing (Swamp:4)
  5 deep elf elementalists (Elf:3)
  3 deep elf demonologists
  4 deep elf annihilators
  3 deep elf death magi
  3 deep elf high priests (Elf:3)
  A great orb of eyes (D:15)
  The ghost of Dipster the Cruncher, a journeyman MiGl of Okawaru (Lair:1)
  A jiangshi (Depths:1)
  2 ogre magi (D:15)
  A vault guard (D:14)
  A yaktaur captain (D:15)
  24 hydras
  A ghost crab (Swamp:3)
  11 naga warriors
  12 alligators
  Harold (D:11)
  2 centaur warriors (D:15)
  22 anacondas
  27 dancing weapons
  2 tengu warriors
  10 two-headed ogres
  3 orc high priests (Orc:2)
  6 death yaks (Lair:3)
  10 shock serpents
  3 spriggan berserkers (Swamp:4)
  Nergalle (Lair:2)
  23 naga sharpshooters
  Sonja (D:14)
  19 deep elf knights
  4 salamander mystics
  4 skeletal warriors (D:15)
  14 swamp dragons
  An unseen horror (D:15)
  9 deep elf archers
  A deep troll (D:15)
  12 naga ritualists
  4 necromancers
  A wizard (D:14)
  A shambling mangrove (Swamp:1)
  4 orc knights
  55 deep elf magi
  11 ugly things
  3 cyclopes
  19 mana vipers
  9 salamanders
  5 orc sorcerers
  2 manticores
  A guardian serpent (shapeshifter) (D:15)
  3 centaur zombies
  40 black mambas
  20 guardian serpents
  20 naga magi
  2 gargoyles
  19 spiny frogs
  6 yaktaurs
  8 komodo dragons
  4 kobold demonologists
  A rime drake (Lair:2)
  An efreet (D:15)
  11 polar bears
  A tengu conjurer (D:12)
  A hydra zombie (Swamp:2)
  3 meliai (D:14)
  5 trolls
  Grinder (D:6)
  14 bog bodies
  17 hornets
  9 tyrant leeches
  11 slime creatures
  An alligator zombie (Swamp:2)
  3 large abominations (Elf:1)
  8 blink frogs
  8 hippogriffs
  Sigmund (D:3)
  4 air elementals
  11 spriggans
  A vampire (D:14)
  2 shadows
  3 wraiths
  6 hogs (D:14)
  16 yaks
  A wyvern (D:14)
  4 fire elementals (Elf:1)
  3 water elementals
  2 basilisks
  3 hungry ghosts
  16 vampire mosquitoes
  Menkaure (D:7)
  15 insubstantial wisps
  A two-headed ogre zombie (D:12)
  3 acid dragons
  A soldier ant (D:14)
  19 swamp worms
  56 nagas
  6 water moccasins
  14 porcupines
  30 orc warriors
  2 hornet zombies
  7 black bears
  8 sky beasts
  17 swamp drakes
  4 ice beasts
  3 boggarts (D:14)
  2 eyes of draining
  7 centaurs
  3 phantoms
  17 wolves
  14 ogres
  The ghost of Caerwyn the Insei, an amateur DsTm of Fedhas (D:3)
  7 crocodiles
  4 elf zombies (Elf:1)
  6 big kobolds
  21 bullfrogs
  2 komodo dragon zombies (Swamp:2)
  A water moccasin zombie (D:6)
  A gnoll sergeant (D:11)
  2 earth elementals (Elf:1)
  2 troll zombies (D:12)
  2 scorpions
  10 killer bees
  4 electric eels
  2 vampire bats (D:5)
  11 wights
  A howler monkey (D:12)
  6 crimson imps
  2 bullfrog zombies
  2 quasits
  4 centaur skeletons
  23 orc priests
  10 hounds
  2 iguanas
  7 jellies
  21 orc wizards
  9 worker ants
  5 ogre zombies (D:12)
  2 crocodile zombies (Swamp:2)
  A hound skeleton (D:7)
  2 worker ant zombies
  9 gnolls
  12 adders
  7 shadow imps
  An ooze (D:1)
  4 worms
  A dart slug (D:3)
  3 leopard geckos
  62 orcs
  6 giant cockroaches
  6 goblins
  7 hobgoblins
  12 jackals
  15 kobolds
  5 quokkas
  2 ball pythons
  13 bats
  5 frilled lizards
  A goblin skeleton (D:12)
  2 goblin zombies (D:12)
  3 hobgoblin skeletons (D:12)
  3 hobgoblin zombies (D:12)
  A jackal skeleton (D:5)
  A leopard gecko skeleton (D:8)
  2 orc skeletons (D:12)
  14 orc zombies (D:12)
  A quokka zombie (D:5)
  7 rats
  2 crawling corpses (Elf:3)
  8 fungi
  6 plants
1304 creatures vanquished.

Vanquished Creatures (collateral kills)
  A dancing weapon (Elf:2)
  A deep elf mage (Elf:2)
  A wolf (Lair:1)
3 creatures vanquished.

Vanquished Creatures (others)
  A hydra (Swamp:1)
  A deep elf knight (Elf:1)
  A naga sharpshooter (Snake:1)
  A deep elf archer (Elf:3)
  A deep elf mage (Elf:2)
  A tyrant leech (Swamp:3)
  An air elemental (Elf:1)
  A spriggan (Swamp:3)
  A naga (Snake:4)
  9 fungi
  5 plants
23 creatures vanquished.

Grand Total: 1330 creatures vanquished

Notes
Turn   | Place    | Note
-------+----------+-------------------------------------------
     0 | D:1      | Fuzzwah the Minotaur Berserker began the quest for the Orb.
     0 | D:1      | Reached XP level 1. HP: 19/19 MP: 0/0
   106 | D:1      | Reached XP level 2. HP: 20/27 MP: 1/1
   113 | D:1      | Reached skill level 4 in Fighting
   280 | D:1      | Reached skill level 4 in Axes
   536 | D:1      | Reached XP level 3. HP: 24/33 MP: 2/2
   548 | D:1      | Upgraded the game from 0.20-a0-941-gba1b1f9 to 0.20-a0-945-g3bf614a
   548 | D:1      | Upgraded the game from 0.20-a0-945-g3bf614a to 0.20-a0-947-g2784f4f
   586 | D:2      | Reached ** piety under Trog
   751 | D:2      | Found an opulent altar of Gozag.
   820 | D:2      | Reached skill level 3 in Armour
   820 | D:2      | Reached XP level 4. HP: 25/41 MP: 3/3
   824 | D:2      | Reached skill level 3 in Dodging
  1552 | D:2      | You fall through a shaft!
  1572 | D:3      | Ultraviolent4: are you learning?
  1572 | D:3      | Upgraded the game from 0.20-a0-947-g2784f4f to 0.20-a0-949-g916514f
  1580 | D:3      | Found a deep blue altar of Sif Muna.
  1614 | D:3      | Noticed Caerwyn's ghost (amateur DsTm)
  1651 | D:2      | HP: 10/41 [poisoned by an adder]
  1904 | D:2      | Reached skill level 5 in Axes
  1904 | D:2      | Reached XP level 5. HP: 46/47 MP: 4/4
  2123 | D:3      | Killed Caerwyn's ghost
  2123 | D:3      | Reached skill level 4 in Armour
  2123 | D:3      | Reached XP level 6. HP: 36/55 MP: 5/5
  2159 | D:3      | Noticed Sigmund
  2246 | D:4      | Found a blossoming altar of Fedhas.
  2251 | D:4      | Reached *** piety under Trog
  2468 | D:4      | Found a glowing silver altar of Zin.
  2538 | D:4      | Reached skill level 5 in Fighting
  2619 | D:4      | Reached skill level 6 in Axes
  2619 | D:4      | Reached skill level 4 in Dodging
  2746 | D:4      | Found a staircase to the Ecumenical Temple.
  2794 | D:5      | Entered Level 5 of the Dungeon
  2867 | D:5      | Reached skill level 5 in Armour
  2918 | D:5      | Noticed a sky beast
  2934 | D:5      | Killed a sky beast
  2934 | D:5      | Reached XP level 7. HP: 36/61 MP: 6/6
  2987 | D:5      | Found a burning altar of Makhleb.
  3009 | D:5      | Found a shadowy altar of Dithmenos.
  3016 | D:5      | Found a hide-covered altar of Uskayaw.
  3321 | D:5      | Found Zeb Risu's Jewellery Shoppe.
  3418 | D:5      | Found an iron altar of Okawaru.
  3523 | D:3      | Reached skill level 6 in Armour
  3525 | D:3      | Reached skill level 7 in Axes
  3596 | D:3      | Killed Sigmund
  3596 | D:3      | Reached XP level 8. HP: 67/70 MP: 7/7
  3801 | D:5      | Reached skill level 5 in Dodging
  4008 | D:6      | Noticed Grinder
  4037 | D:6      | Reached skill level 6 in Fighting
  4114 | D:6      | Killed Grinder
  4114 | D:6      | Reached skill level 8 in Axes
  4114 | D:6      | Reached skill level 7 in Armour
  4408 | D:7      | Noticed Menkaure
  4421 | D:7      | Killed Menkaure
  4421 | D:7      | Reached **** piety under Trog
  4421 | D:7      | Reached skill level 8 in Armour
  4493 | D:7      | Reached XP level 9. HP: 63/78 MP: 8/8
  4664 | D:7      | Reached skill level 9 in Axes
  4887 | D:7      | Reached skill level 7 in Fighting
  4887 | D:7      | Reached skill level 6 in Dodging
  5111 | D:8      | Noticed a two-headed ogre
  5124 | D:8      | Killed a two-headed ogre
  5124 | D:8      | Reached skill level 9 in Armour
  5167 | D:7      | Paralysed by fainting for 11 turns
  5439 | D:8      | Noticed a two-headed ogre
  5453 | D:8      | Reached skill level 10 in Axes
  5486 | D:7      | HP: 19/79 [killer bee (4)]
  5522 | D:7      | HP: 28/120 [two-headed ogre/giant club (7)]
  5524 | D:7      | HP: 2/120 [two-headed ogre/giant club (13)]
  5868 | D:7      | Killed a two-headed ogre
  5868 | D:7      | Reached skill level 10 in Armour
  5868 | D:7      | Reached skill level 7 in Dodging
  5868 | D:7      | Reached XP level 10. HP: 66/88 MP: 9/9
  6080 | D:8      | Reached skill level 8 in Fighting
  6299 | D:8      | Found a sacrificial altar of Ru.
  6547 | D:9      | Reached ***** piety under Trog
  6586 | D:9      | Reached skill level 11 in Axes
  6824 | D:9      | Found a stormy altar of Qazlal.
  6848 | D:9      | Found a basalt altar of Yredelemnul.
  7117 | D:10     | Entered Level 10 of the Dungeon
  7356 | D:10     | Reached skill level 11 in Armour
  7751 | D:10     | Reached skill level 9 in Fighting
  8033 | D:10     | Upgraded the game from 0.20-a0-949-g916514f to 0.20-a0-950-g92a50c4
  8068 | D:11     | Noticed Harold
  8079 | D:11     | Reached skill level 8 in Dodging
  8087 | D:11     | Killed Harold
  8133 | D:11     | Reached XP level 11. HP: 97/97 MP: 10/10
  8136 | D:11     | Paralysed by a hornet for 1 turns
  8265 | D:11     | Reached skill level 12 in Axes
  8275 | D:11     | Found a staircase to the Lair.
  8304 | D:11     | Reached skill level 12 in Armour
  8435 | D:11     | Found a flagged portal.
  8445 | Bailey   | Entered a bailey
  8454 | Bailey   | Noticed a deep elf mage
  8460 | Bailey   | Killed a deep elf mage
  8468 | Bailey   | Noticed a deep elf mage
  8469 | Bailey   | Noticed a deep elf mage
  8469 | Bailey   | Noticed a deep elf mage
  8470 | Bailey   | Noticed a deep elf mage
  8470 | Bailey   | Noticed a deep elf mage
  8475 | Bailey   | Killed a deep elf mage
  8477 | Bailey   | Killed a deep elf mage
  8478 | Bailey   | Killed a deep elf mage
  8480 | Bailey   | Killed a deep elf mage
  8482 | Bailey   | Killed a deep elf mage
  8482 | Bailey   | Received a gift from Trog
  8495 | Bailey   | Noticed a deep elf mage
  8503 | Bailey   | Killed a deep elf mage
  8664 | Bailey   | Noticed a deep elf mage
  8664 | Bailey   | Noticed a deep elf mage
  8664 | Bailey   | Noticed a deep elf mage
  8670 | Bailey   | Killed a deep elf mage
  8671 | Bailey   | Killed a deep elf mage
  8672 | Bailey   | Killed a deep elf mage
  8672 | Bailey   | Reached skill level 10 in Fighting
  8672 | Bailey   | Reached skill level 13 in Axes
  8816 | Bailey   | Noticed a deep elf knight
  8822 | Bailey   | Killed a deep elf knight
  8822 | Bailey   | Reached skill level 13 in Armour
  8822 | Bailey   | Reached skill level 9 in Dodging
  9027 | D:11     | Noticed a two-headed ogre
  9040 | D:11     | Killed a two-headed ogre
  9154 | D:11     | Noticed a two-headed ogre
  9160 | D:11     | Killed a two-headed ogre
  9644 | D:11     | Reached XP level 12. HP: 100/107 MP: 11/11
  9810 | Lair:1   | Entered Level 1 of the Lair of Beasts
  9940 | Lair:1   | Noticed Dipster's ghost (journeyman MiGl)
 10135 | D:12     | Noticed a tengu warrior
 10146 | D:12     | Killed a tengu warrior
 10153 | D:12     | HP: 21/108 [white ugly thing (29)]
 10520 | D:12     | Found a staircase to the Orcish Mines.
 10526 | D:12     | Received a gift from Trog
 10549 | D:12     | Received a gift from Trog
 10549 | D:12     | Reached skill level 14 in Axes
 10864 | D:12     | Reached skill level 11 in Fighting
 10903 | D:12     | Reached skill level 14 in Armour
 11004 | D:12     | Reached skill level 10 in Dodging
 11200 | Orc:1    | Entered Level 1 of the Orcish Mines
 11595 | Orc:2    | Entered Level 2 of the Orcish Mines
 11714 | Orc:2    | Noticed an orc high priest
 11722 | Orc:2    | Noticed an orc high priest
 11728 | Orc:2    | HP: 21/110 [orange demon[an orc high priest] (7)]
 11730 | Orc:2    | Noticed an orc high priest
 11734 | Orc:2    | HP: 25/110 [orc priest/divine providence (13)]
 11740 | Orc:2    | HP: 24/110 [orc sorcerer/bolt of negative energy (14)]
 11991 | Orc:2    | Found Vetsuh's Distillery.
 12007 | Orc:2    | Bought a potion of haste for 110 gold pieces
 12007 | Orc:2    | Bought a potion of agility for 44 gold pieces
 12357 | Orc:1    | Found a roughly hewn altar of Beogh.
 12393 | Orc:1    | You fall through a shaft!
 12397 | Orc:2    | Received a gift from Trog
 12398 | Orc:2    | Noticed an orc warlord
 12409 | Orc:2    | Killed an orc high priest
 12417 | Orc:2    | HP: 15/110 [orc warrior/dire flail of draining (15)]
 12715 | Orc:2    | Found a staircase to the Elven Halls.
 12773 | Orc:2    | Killed an orc high priest
 12884 | Orc:2    | Reached XP level 13. HP: 116/116 MP: 4/12
 12971 | Orc:2    | Killed an orc warlord
 12977 | Orc:2    | Reached skill level 15 in Axes
 12990 | Orc:2    | Reached skill level 15 in Armour
 13421 | Orc:2    | Reached skill level 12 in Fighting
 13441 | Orc:2    | Found Teiwoat's General Store.
 13442 | Orc:2    | Found Woupeipn's Jewellery Emporium.
 13443 | Orc:2    | Found Fyxzol's Antique Armour Emporium.
 13443 | Orc:2    | Found Poorhekk's Antique Weapon Shoppe.
 13447 | Orc:2    | Bought a pair of gloves for 153 gold pieces
 13484 | Orc:2    | Bought a potion of curing for 30 gold pieces
 13484 | Orc:2    | Bought a scroll of identify for 20 gold pieces
 13485 | Orc:2    | Bought the ring "Qotrinor" {+Blink Slay+2 Stlth+} for 598 gold pieces
 13687 | Orc:2    | Upgraded the game from 0.20-a0-950-g92a50c4 to 0.20-a0-957-g47ad1fd
 13810 | Lair:1   | Killed Dipster's ghost
 14533 | Lair:2   | Reached skill level 1 in Evocations
 14540 | Lair:2   | Noticed Nergalle
 14548 | Lair:2   | Received a gift from Trog
 14554 | Lair:2   | Killed Nergalle
 15353 | Lair:3   | Reached skill level 11 in Dodging
 15740 | Lair:3   | Reached skill level 2 in Evocations
 15753 | Lair:3   | Reached skill level 16 in Axes
 16205 | Lair:4   | Reached skill level 3 in Evocations
 16205 | Lair:4   | Reached XP level 14. HP: 112/127 MP: 15/15
 16256 | Lair:4   | Found a staircase to the Snake Pit.
 16273 | Lair:4   | Found a staircase to the Swamp.
 16481 | Lair:4   | Reached skill level 16 in Armour
 17758 | Lair:5   | Found a staircase to the Slime Pits.
 17901 | Lair:5   | Upgraded the game from 0.20-a0-957-g47ad1fd to 0.20-a0-959-gdc9e609
 18130 | D:13     | Found a sparkling altar of Nemelex Xobeh.
 18417 | D:13     | Found a bloodstained altar of Trog.
 18424 | D:13     | Reached skill level 4 in Evocations
 18870 | D:14     | Reached ****** piety under Trog
 19009 | D:14     | Reached skill level 13 in Fighting
 19046 | D:14     | Found a gate to the Vaults.
 19203 | D:14     | Noticed Kirke
 19205 | D:14     | Received a gift from Trog
 19475 | D:14     | Killed Kirke
 19509 | D:14     | Reached skill level 12 in Dodging
 19510 | D:14     | Reached skill level 5 in Evocations
 19767 | D:14     | Noticed Sonja
 19772 | D:14     | Killed Sonja
 19772 | D:14     | Reached skill level 17 in Axes
 20713 | D:15     | Entered Level 15 of the Dungeon
 20713 | D:15     | Found Hecs's Antique Armour Boutique.
 20732 | D:15     | Bought a pair of boots for 135 gold pieces
 20732 | D:15     | Bought a cloak for 135 gold pieces
 20746 | D:15     | Found Balaepa's Antique Armour Emporium.
 21052 | D:15     | Reached XP level 15. HP: 86/136 MP: 18/18
 21060 | D:15     | HP: 27/136 [earth elemental[a deep elf mage] (15)]
 21304 | D:15     | Reached skill level 17 in Armour
 21311 | D:15     | Received a gift from Trog
 21379 | D:15     | Paralysed by an ogre mage for 5 turns
 21454 | D:15     | Reached skill level 6 in Evocations
 21636 | D:15     | Found Buwnyiwk's Food Shop.
 22348 | D:15     | Found a staircase to the Depths.
 22479 | Depths:1 | Entered Level 1 of the Depths
 22487 | Depths:1 | Noticed a frost giant
 22507 | D:15     | HP: 26/137 [frost giant/battleaxe of freezing (12)]
 22508 | D:15     | HP: 5/137 [frost giant/bolt of cold (20)]
 22514 | D:15     | Killed a frost giant
 23010 | D:15     | Upgraded the game from 0.20-a0-959-gdc9e609 to 0.20-a0-969-g3f209a8
 23195 | Swamp:1  | Entered Level 1 of the Swamp
 23207 | Swamp:1  | Reached skill level 14 in Fighting
 23415 | Swamp:1  | Upgraded the game from 0.20-a0-969-g3f209a8 to 0.20-a0-971-g5896763
 23418 | Swamp:1  | Reached skill level 13 in Dodging
 23994 | Swamp:1  | Reached skill level 7 in Evocations
 24231 | Swamp:1  | Paralysed by a hornet for 1 turns
 24525 | Swamp:2  | Noticed Nikola
 24533 | Swamp:2  | Killed Nikola
 24819 | Swamp:2  | Reached XP level 16. HP: 92/147 MP: 20/20
 24852 | Swamp:2  | HP: 33/147 [poison (poison gas)]
 25529 | Swamp:2  | Reached skill level 18 in Axes
 26113 | Swamp:3  | HP: 49/220 [spriggan rider/spear of piercing (16)]
 26117 | Swamp:3  | HP: 17/147 [spriggan rider/spear (9)]
 26806 | Swamp:3  | Received a gift from Trog
 27676 | Swamp:4  | Entered Level 4 of the Swamp
 27702 | Swamp:4  | Reached skill level 8 in Evocations
 27711 | Swamp:4  | Reached skill level 15 in Fighting
 27726 | Swamp:4  | HP: 37/149 [poisoned by a green very ugly thing]
 27731 | Swamp:4  | HP: 33/149 [poisoned by a green very ugly thing]
 27737 | Swamp:4  | HP: 30/149 [poisoned by a green very ugly thing]
 27744 | Swamp:3  | HP: 29/149 [poisoned by a green very ugly thing]
 27749 | Swamp:3  | HP: 29/149 [poisoned by a green very ugly thing]
 27757 | Swamp:3  | HP: 29/149 [poisoned by a green very ugly thing]
 28403 | Swamp:4  | Reached skill level 18 in Armour
 28625 | Swamp:4  | Reached skill level 14 in Dodging
 28627 | Swamp:4  | HP: 49/223 [eight-headed hydra (9)]
 28635 | Swamp:4  | HP: 30/149 [poisoned by a swamp dragon (blast of poison)]
 28640 | Swamp:4  | HP: 26/149 [poisoned by a swamp dragon (blast of poison)]
 28644 | Swamp:4  | HP: 12/149 [five-headed hydra (8)]
 28651 | Swamp:4  | HP: 12/149 [vampire mosquito (3)]
 28656 | Swamp:4  | HP: 10/149 [swamp dragon/blast of poison (3)]
 28657 | Swamp:4  | Noticed a thorn hunter
 28671 | Swamp:3  | HP: 14/149 [vampire mosquito (5)]
 28727 | Swamp:2  | HP: 26/149 [spriggan rider/spear of flaming (5)]
 28734 | Swamp:2  | HP: 3/149 [spriggan rider/spear of flaming (13)]
 29386 | Swamp:2  | Received a gift from Trog
 29537 | Swamp:4  | Killed a thorn hunter
 30649 | Swamp:4  | Got a decaying rune of Zot
 31168 | Snake:1  | Entered Level 1 of the Snake Pit
 31178 | Snake:1  | Reached XP level 17. HP: 134/157 MP: 22/22
 31179 | Snake:1  | Reached skill level 9 in Evocations
 31599 | Snake:1  | Received a gift from Trog
 32093 | Snake:1  | Got a pitted leather armour
 32094 | Snake:1  | Identified the cursed +1 leather armour "Pyemni" {rPois Int+4} (You found it on level 1 of the Snake Pit)
 32666 | Snake:2  | Found Qushuogo's Antique Weapon Shoppe.
 32723 | Snake:2  | Found Yniguph's Antique Weapon Shoppe.
 33015 | Snake:2  | Found Boercha's Jewellery Boutique.
 33018 | Snake:2  | Bought a +3 ring of slaying for 540 gold pieces
 33067 | Snake:2  | Reached skill level 16 in Fighting
 33338 | Snake:2  | Found Cupt's Antique Weapon Emporium.
 33578 | Snake:2  | HP: 30/158 [naga sharpshooter/bolt (17)]
 33583 | Snake:2  | HP: 37/158 [naga sharpshooter/bolt (11)]
 33585 | Snake:2  | Reached skill level 19 in Axes
 33586 | Snake:2  | HP: 18/158 [naga sharpshooter/arrow (13)]
 33601 | Snake:2  | HP: 25/158 [poisoned by a naga mage (splash of poison)]
 33607 | Snake:2  | HP: 24/158 [poisoned by a naga mage (splash of poison)]
 33614 | Snake:2  | HP: 24/158 [poisoned by a naga mage (splash of poison)]
 33622 | Snake:2  | HP: 25/158 [poisoned by a naga mage (splash of poison)]
 34046 | Snake:2  | Reached skill level 19 in Armour
 34302 | Snake:2  | Reached skill level 15 in Dodging
 34302 | Snake:2  | Received a gift from Trog
 34613 | Snake:2  | Found Atreuluu's Gadget Boutique.
 34613 | Snake:2  | Found Nouhosee's Jewellery Shoppe.
 34614 | Snake:2  | Found Gaakhal's Jewellery Shoppe.
 34664 | Snake:2  | Found Koaky's Distillery.
 34887 | Snake:2  | Bought a potion of curing for 51 gold pieces
 34887 | Snake:2  | Bought a potion of curing for 51 gold pieces
 34887 | Snake:2  | Bought 2 potions of curing for 102 gold pieces
 34887 | Snake:2  | Bought a potion of curing for 51 gold pieces
 34887 | Snake:2  | Bought a potion of heal wounds for 85 gold pieces
 35073 | Snake:3  | Identified a scroll of acquirement
 35781 | Snake:3  | Reached skill level 10 in Evocations
 36248 | Snake:3  | Reached XP level 18. HP: 159/168 MP: 24/24
 36581 | Snake:3  | Received a gift from Trog
 36590 | Snake:3  | Got a pair of faintly glowing boots
 36601 | Snake:3  | Identified the +2 pair of boots of Aqaac {rN+ Str+4 Dex+4} (You found it on level 3 of the Snake Pit)
 37036 | Snake:4  | Entered Level 4 of the Snake Pit
 37731 | Snake:4  | Reached skill level 17 in Fighting
 37879 | Snake:4  | Reached skill level 16 in Dodging
 37883 | Snake:4  | Received a gift from Trog
 37898 | Snake:4  | Reached skill level 11 in Evocations
 37910 | Snake:4  | Reached skill level 20 in Axes
 37931 | Snake:4  | Reached skill level 20 in Armour
 37933 | Snake:4  | HP: 42/170 [naga/mace of crushing (7)]
 37950 | Snake:4  | HP: 37/170 [naga sharpshooter/bolt (9)]
 37969 | Snake:4  | HP: 42/170 [poisoned by a nagaraja (splash of poison)]
 38372 | Snake:4  | Got a serpentine rune of Zot
 38373 | Snake:4  | Upgraded the game from 0.20-a0-971-g5896763 to 0.20-a0-983-g35de22d
 38373 | Snake:4  | Upgraded the game from 0.20-a0-983-g35de22d to 0.20-a0-984-ge8aa303
 38548 | Slime:1  | Entered Level 1 of the Pits of Slime
 38551 | Slime:1  | Upgraded the game from 0.20-a0-984-ge8aa303 to 0.20-a0-1000-g0e8f6bb
 38725 | Elf:1    | Entered Level 1 of the Elven Halls
 38750 | Elf:1    | Reached XP level 19. HP: 144/177 MP: 26/26
 38754 | Elf:1    | Received a gift from Trog
 38791 | Elf:1    | Found Nuloz's Distillery.
 38798 | Elf:1    | Bought a potion of curing for 51 gold pieces
 38798 | Elf:1    | Bought a potion of resistance for 170 gold pieces
 38798 | Elf:1    | Bought a potion of curing for 51 gold pieces
 38798 | Elf:1    | Bought a potion of curing for 51 gold pieces
 38798 | Elf:1    | Bought a potion of heal wounds for 85 gold pieces
 39407 | Elf:1    | Identified the Catalogue of Sinister Rituals
 39947 | Elf:2    | Received a gift from Trog
 40107 | Elf:2    | Found a runed gate.
 40107 | Elf:2    | Found a runed gate.
 40108 | Elf:2    | Found a runed gate.
 40892 | Elf:2    | Reached skill level 18 in Fighting
 40901 | Elf:2    | Upgraded the game from 0.20-a0-1000-g0e8f6bb to 0.20-a0-1006-ge6c5631
 41426 | Elf:3    | Entered Level 3 of the Elven Halls
 41436 | Elf:3    | Reached skill level 12 in Evocations
 41749 | Elf:3    | Received a gift from Trog
 41924 | Elf:3    | Reached skill level 17 in Dodging
 41942 | Elf:3    | Reached XP level 20. HP: 189/189 MP: 28/28
 41955 | Elf:3    | Reached skill level 21 in Axes
 41963 | Elf:3    | HP: 45/189 [Hell Sentinel[a deep elf demonologist] (4)]
 41963 | Elf:3    | HP: 14/189 [deep elf master archer/arrow (27)]
 41965 | Elf:3    | Killed from afar by a balrug

Vault maps used:
D:1:      minmay_arrival_up_and_down
D:2:      grunt_gozag_breadcrumbs, lemuel_coloured_pillars_altar
D:3:      old_standard_altar, first_bread, uniq_sigmund
D:4:      zin_treasury, fedhas_altar_1, lemuel_temple_firewalk_a
D:5:      kennysheep_okawaru_gauntlet, minitemple, lemuel_round_altar,
          serial_shops, shop_statue, minmay_guarded_unrand_vampires_tooth
D:6:      uniq_grinder
D:7:      uniq_menkaure
D:8:      nicolae_ru_path_of_blood
D:9:      nicolae_qazlal_eye_of_the_storm, kennysheep_mini_moat
D:10:     grunt_ogre_cave
D:11:     due_lair_maze_entry_diamond, enter_bailey_2, uniq_harold
D:12:     zombieorc2_lemuel
D:13:     hangedman_arrow_trap, basic_altar, trog_ov_bears_minmay
D:14:     david_vaults_5, uniq_kirke, uniq_sonja
D:15:     hangedman_depths_entry_civil_slaughter, grunt_decor_mini_mirrors,
          serial_shops, nicolae_shop_behind_doors, shop,
          nicolae_shop_overgrown_old_shop
Lair:1:   beast_lair_carwin_large_4
Lair:2:   serial_bayou_pond_c, nicolae_quartered_pool_medium,
          serial_bayou_shore_b, uniq_nergalle
Lair:3:   serial_bayou_shore_a
Lair:4:   swamp_mist_pool, dummy_snake_entry, beast_lair_carwin_10
Lair:5:   dpeg_slime_entry_corner, grunt_megastairs_2
Swamp:1:  evilmike_swamp_ruin_house_4, nicolae_swamp_alligator_family
Swamp:2:  evilmike_swamp_ruin_house_2, nicolae_swamp_necromancer_hut,
          infiniplex_staircase_pool_2, uniq_nikola
Swamp:3:  hangedman_swamp_ruin_wall, infiniplex_staircase_pool
Swamp:4:  swamp_basic_johnstein
Snake:2:  serial_shops, shop, shop, nicolae_shop_crystal, nicolae_shop_trees,
          shop, minmay_shop_grove, basic_stair_grate_trap
Snake:3:  kennysheep_snake, nrook_guardian_serpent_ordinary, grunt_megastairs_1
Snake:4:  grunt_snake_rune_serpentine_throne, serial_bayou_shore_b
Slime:1:  cheibrodos_slime_lost_civilization_2
Orc:1:    basic_altar
Orc:2:    st_orc_congregation, serial_shops,
          nicolae_shop_temple_entry_statues_fountains
Elf:1:    eino_elf_arrival_shootout, serial_shops, shop, minmay_elf_necromancy
Elf:3:    minmay_elf_hall_furrowed
Depths:1: enter_ziggurat_e, abyss_entry_small_statue_room, enter_trove_3,
          corexii_leaking_fountain, hell_entry, fountainhead,
          kennysheep_generic_room_6, uniq_bai_suzhen
Bailey:   bailey_polearm_3, bailey

Skill      XL: |  1  2  3  4  5  6  7  8  9 10 11 12 13 14 15 16 17 18 19 20 |
---------------+-------------------------------------------------------------+-----
Fighting       | 4 5 6 7 9 10 11 12 13 14 15 16 17 18 | 18.4
Axes           | 4 5 6 7 8 10 11 13 14 16 17 18 19 20 21 | 21.0
Armour         | 3 4 5 6 8 10 11 13 14 15 16 17 18 19 20 | 20.7
Dodging        | 3 4 5 7 8 9 10 11 12 13 14 15 16 17 | 17.1
Evocations     | 3 5 7 8 10 11 12 | 12.4

Action                   |  1- 3 |  4- 6 |  7- 9 | 10-12 | 13-15 | 16-18 | 19-21 || total
-------------------------+-------+-------+-------+-------+-------+-------+-------++-------
Melee: Hand axe          |    66 |    44 |       |       |       |       |       ||   110
       Headbutt          |    12 |    20 |    50 |   135 |   200 |   289 |    77 ||   783
       War axe           |       |    99 |   220 |   315 |       |       |       ||   634
       Battleaxe         |       |       |       |   244 |   130 |       |       ||   374
       Executioner's axe |       |       |       |       |   704 |   989 |   292 ||  1985
       Unarmed           |       |       |       |       |     2 |       |       ||     2
Invok: Berserk           |     1 |       |     5 |    13 |    19 |    10 |     3 ||    51
       Trog's Hand       |       |       |       |     2 |     7 |     5 |     9 ||    23
       Burn Spellbooks   |       |       |       |       |     1 |       |       ||     1
       Brothers in Arms  |       |       |       |       |       |       |     1 ||     1
 Abil: Evoke Blink       |       |       |       |       |     1 |     3 |       ||     4
  Use: Scroll            |       |     4 |     3 |    19 |    13 |     8 |     6 ||    53
       Potion            |       |       |     2 |     9 |     9 |     9 |     3 ||    32
 Stab: Distracted        |       |       |       |       |     1 |     1 |       ||     2
  Eat: Chunk             |       |     6 |     2 |    46 |    61 |     2 |     1 ||   118
       Fruit             |       |     1 |       |     3 |    13 |     7 |     6 ||    30
       Meat ration       |       |       |     2 |     4 |     1 |     5 |     2 ||    14
       Bread ration      |       |       |     2 |       |     1 |     6 |       ||     9
       Royal jelly       |       |       |       |       |       |       |     2 ||     2
Armor: Animal skin       |     8 |     4 |       |       |       |       |       ||    12
       Plate armour      |       |    60 |   138 |   278 |   558 |   766 |   136 ||  1936
Dodge: Dodged            |    51 |    64 |   102 |   289 |   613 |   887 |   210 ||  2216
Block: Other             |     3 |    21 |    45 |   105 |   140 |   282 |    47 ||   643
       Reflection        |       |       |     1 |     4 |     4 |    17 |    11 ||    37

Vault maps used:
D:1:      minmay_arrival_up_and_down
D:2:      grunt_gozag_breadcrumbs, lemuel_coloured_pillars_altar
D:3:      old_standard_altar, first_bread, uniq_sigmund
D:4:      zin_treasury, fedhas_altar_1, lemuel_temple_firewalk_a
D:5:      kennysheep_okawaru_gauntlet, minitemple, lemuel_round_altar,
          serial_shops, shop_statue, minmay_guarded_unrand_vampires_tooth
D:6:      uniq_grinder
D:7:      uniq_menkaure
D:8:      nicolae_ru_path_of_blood
D:9:      nicolae_qazlal_eye_of_the_storm, kennysheep_mini_moat
D:10:     grunt_ogre_cave
D:11:     due_lair_maze_entry_diamond, enter_bailey_2, uniq_harold
D:12:     zombieorc2_lemuel
D:13:     hangedman_arrow_trap, basic_altar, trog_ov_bears_minmay
D:14:     david_vaults_5, uniq_kirke, uniq_sonja
D:15:     hangedman_depths_entry_civil_slaughter, grunt_decor_mini_mirrors,
          serial_shops, nicolae_shop_behind_doors, shop,
          nicolae_shop_overgrown_old_shop
Lair:1:   beast_lair_carwin_large_4
Lair:2:   serial_bayou_pond_c, nicolae_quartered_pool_medium,
          serial_bayou_shore_b, uniq_nergalle
Lair:3:   serial_bayou_shore_a
Lair:4:   swamp_mist_pool, dummy_snake_entry, beast_lair_carwin_10
Lair:5:   dpeg_slime_entry_corner, grunt_megastairs_2
Swamp:1:  evilmike_swamp_ruin_house_4, nicolae_swamp_alligator_family
Swamp:2:  evilmike_swamp_ruin_house_2, nicolae_swamp_necromancer_hut,
          infiniplex_staircase_pool_2, uniq_nikola
Swamp:3:  hangedman_swamp_ruin_wall, infiniplex_staircase_pool
Swamp:4:  swamp_basic_johnstein
Snake:2:  serial_shops, shop, shop, nicolae_shop_crystal, nicolae_shop_trees,
          shop, minmay_shop_grove, basic_stair_grate_trap
Snake:3:  kennysheep_snake, nrook_guardian_serpent_ordinary, grunt_megastairs_1
Snake:4:  grunt_snake_rune_serpentine_throne, serial_bayou_shore_b
Slime:1:  cheibrodos_slime_lost_civilization_2
Orc:1:    basic_altar
Orc:2:    st_orc_congregation, serial_shops,
          nicolae_shop_temple_entry_statues_fountains
Elf:1:    eino_elf_arrival_shootout, serial_shops, shop, minmay_elf_necromancy
Elf:3:    minmay_elf_hall_furrowed
Depths:1: enter_ziggurat_e, abyss_entry_small_statue_room, enter_trove_3,
          corexii_leaking_fountain, hell_entry, fountainhead,
          kennysheep_generic_room_6, uniq_bai_suzhen
Bailey:   bailey_polearm_3, bailey

Table legend:
 A = Turns spent in this place as a percentage of turns spent in the entire game.
 B = Non-inter-level travel turns spent in this place as a percentage of non-inter-level travel turns spent in the entire game.
 C = Inter-level travel turns spent in this place as a percentage of turns spent in this place.
 D = Turns resting spent in this place as a percentage of non-inter-level travel turns spent in this place.
 E = Turns spent auto-exploring this place as a percentage of non-inter-level travel turns spent in this place.
 F = Non-inter-level travel turns spent in this place divided by the number of levels of this place that you've seen.
                   A       B       C       D       E      F
               +-------+-------+-------+-------+-------+----------------------
         Total | 100.0 | 100.0 |   1.1 |   5.8 |  12.4 | 222.7
       Dungeon |  37.7 |  37.5 |   1.5 |   5.1 |  13.3 | 200.3
          Lair |   9.7 |   9.7 |   1.8 |   6.1 |  13.7 | 155.2
         Swamp |  16.8 |  16.9 |   1.0 |   7.5 |   7.7 | 337.8
     Snake Pit |  17.2 |  17.3 |   0.5 |   7.0 |  13.3 | 347.2
    Slime Pits |   0.1 |   0.1 |  16.7 |   0.0 |   0.0 |   5.0
  Orcish Mines |   6.7 |   6.7 |   0.9 |   5.0 |  12.9 | 270.5
   Elven Halls |  10.0 |  10.1 |   0.2 |   3.8 |  14.5 | 270.7
        Depths |   0.5 |   0.5 |   0.0 |   4.7 |   7.0 |  43.0
        Bailey |   1.2 |   1.2 |   0.0 |   9.6 |  10.6 |  94.0
               +-------+-------+-------+-------+-------+----------------------

Table legend:
 A = Kills in this place as a percentage of kills in entire the game.
 B = Kills by you in this place as a percentage of kills by you in the entire game.
 C = Kills by friends in this place as a percentage of kills by friends in the entire game.
 D = Other kills in this place as a percentage of other kills in the entire game.
 E = Experience gained in this place as a percentage of experience gained in the entire game.
 F = Experience gained in this place divided by the number of levels of this place that you have seen.
                   A       B       C       D       E      F
               +-------+-------+-------+-------+-------+----------------------
         Total | 100.0 | 100.0 | 100.0 | 100.0 | 100.0 | 13452.4
       Dungeon |  35.2 |  35.6 |   0.0 |   0.0 |  14.3 | 4628.0
          Lair |   9.2 |   9.2 |  33.3 |   0.0 |   6.8 | 6586.2
         Swamp |  15.3 |  15.2 |   0.0 |  33.3 |  17.8 | 21499.0
     Snake Pit |  20.0 |  20.0 |   0.0 |  22.2 |  32.5 | 39387.8
  Orcish Mines |   7.4 |   7.5 |   0.0 |   0.0 |   3.0 | 7342.0
   Elven Halls |  11.5 |  11.1 |  66.7 |  44.4 |  23.4 | 37816.0
        Depths |   0.5 |   0.5 |   0.0 |   0.0 |   0.9 | 4132.0
        Bailey |   0.8 |   0.9 |   0.0 |   0.0 |   1.3 | 6125.0
               +-------+-------+-------+-------+-------+----------------------
